Rayston, chaotic male orcish Barbarian --------------- ------------ |.............-# |...........############...........<..|# $ ------ |..........| |.............|# * |(.(.| $ |..........| $ $ $ ----.--------.-# |(...| $ |..........| ##f@Y## ## # ||.(.| $ * #...........-# # # # # |..|.| * * ###------------#######)########################## |....-### # ############## # # # ----.- ------ # -------##[#################%######### ###)###### ##.^...| ###|.....|` # # -+-.-.---.----- |....| #..{...| ### ### |.............-##########-....| |.....| # * # |.............| |{...| $ * |....>.## ##........^.....| ------ ------- --------------- ** [ $ * Rayston the Brigand Experience level: 11 Strength: 18/06 Dexterity: 18 Constitution: 17 Intelligence: 7 Wisdom: 8 Charisma: 6 Health: 0(107) Energy: 21(21) Def: 4 Gold: 0 Moves: 34267 Dungeon seed: KJUAKpLhzL36gfs4 Game ID: Rayston_1500503556 Your Inventory: Weapons A - an uncursed +0 scimitar B - an uncursed +0 mace C - an uncursed +0 flail Q - an uncursed +0 broadsword (weapon in hand) Armor e - an uncursed +0 helmet n - an uncursed +0 leather armor q - a blessed +2 orcish helm r - an uncursed +0 dented pot y - a cursed +0 small shield z - an uncursed +0 helmet I - an uncursed +0 pair of low boots K - an uncursed +0 small shield L - an uncursed +0 pair of high boots N - an uncursed +2 pair of high boots T - an uncursed +0 splint mail Scrolls t - an uncursed scroll of blank paper u - an uncursed scroll of teleportation Wands b - an uncursed wand of slow monster (0:3) Tools k - an uncursed magic whistle F - an uncursed oil lamp (0:1387) (alternate weapon; not wielded) O - an uncursed bugle P - an uncursed skeleton key R - an uncursed +0 pick-axe Gems Y - an uncursed luckstone Spells and supernatural/magical abilities: Name Level Category Fail Memory W - pray for help -- divine ? -- Your skills at the end: Miscellaneous Skills bare handed combat [Basic] stealth [Basic] Weapon Skills dagger [Basic] axe [Master] short sword [Basic] Spellcasting Skills Final Attributes: You were piously aligned. You were cold resistant. You were sleep resistant. You were poison resistant. Your writing hand was a little cramped from use. You were telepathic. You had infravision. You were somewhat stealthy. You were protected. You were fast. You were lucky. You had extra luck. Bad luck did not time out for you. Good luck did not time out for you. You are dead. Vanquished creatures: a vampire lord a golden naga a vampire 7 ghosts 2 lieutenants a queen bee 2 giant mimics a fire giant an ogre king 2 ice trolls a flesh golem a large mimic a wumpus 5 couatls a stalker a giant mummy a xorn 3 giant zombies 2 sergeants 2 wargs a winter wolf 4 quantum mechanics 5 small mimics a glass piercer a xan 2 ettin mummies 3 trolls a sasquatch a large dog 5 freezing spheres a shocking sphere a large cat a tiger 3 gargoyles 2 dwarf kings 3 tengu 3 gelatinous cubes 2 crocodiles 3 chameleons a mountain centaur a giant an elf mummy a human mummy 4 Grey-elves a pit viper a python a cobra 4 wraiths an ettin zombie a leather golem 4 soldiers 2 incubi 4 giant beetles a cockatrice 4 wolves 4 winter wolf cubs 2 black lights 2 panthers 2 gremlins 5 leprechauns 2 quivering blobs 3 spotted jellies 5 lizards 3 mountain nymphs a mumak 3 giant spiders 2 scorpions 5 iron piercers a horse an ice vortex 6 vampire bats a forest centaur a gnome king 3 orc mummies 4 dwarf mummies 4 ogres 4 brown puddings 2 Green-elves a rust monster 2 owlbears 4 yetis a chickatrice 2 dogs 2 dingos 2 housecats a jaguar 3 dwarf lords a blue jelly a gray unicorn 6 dust vortices 6 ravens a plains centaur 2 gnome mummies 10 Woodland-elves 3 snakes 8 apes a human zombie 6 rope golems 6 soldier ants a fire ant 5 yellow lights 6 bugbears an imp 5 baby crocodiles a wood nymph 37 Mordor orcs 6 Uruk-hai an orc shaman a rock mole 3 rock piercers 3 ponies a fog cloud 2 shriekers a violet fungus 19 gnome lords 9 gnomish wizards 6 kobold mummies a red naga hatchling a black naga hatchling 3 golden naga hatchlings 3 guardian naga hatchlings 4 gray oozes 5 elf zombies 4 ghouls 3 straw golems 5 paper golems 14 giant ants 3 puppies 7 floating eyes 2 kittens 23 dwarves 3 homunculi 4 kobold lords 3 kobold shamans 8 iguanas 9 hill orcs 13 rothes 3 rabid rats 3 centipedes 8 jitterbugs 5 giant bats 7 monkeys 11 orc zombies 8 dwarf zombies 2 wererats a werejackal 72 killer bees 4 coyotes 2 gas spores 10 hobbits 5 acid blobs 2 large kobolds 15 geckos 8 hobgoblins 15 giant rats 13 cave spiders 4 brown molds 7 yellow molds 8 green molds 4 red molds 60 gnomes 35 garter snakes 15 manes 6 gnome zombies 20 jackals 8 foxes 3 kobolds 11 newts 7 goblins 6 sewer rats 14 grid bugs 4 bats 10 lichens 10 kobold zombies 899 creatures vanquished. Voluntary challenges: You were not invisible. You were not displaced. You used a wielded weapon 1170 times, starting on turn 1. You did not apply a unicorn horn. You did not use plumbed fixtures. You read items or engraved 21 times, starting on turn 2108. You never genocided any monsters. You never polymorphed an object. You never changed form. You cheated 32 times but completed Sokoban on turn 22681. You used no wishes. You split 2 puddings, starting on turn 20271. You wrote Elbereth's name 15 times, starting on turn 2108. You violated your moral code, losing 97 points of alignment, starting on turn 2511. Dungeon overview: The Dungeons of Doom: levels 1 to 19 Level 1 a long staircase Level 2 (Mine Entrance) stairs to The Gnomish Mines Level 3 a fountain Level 4 Level 5 (Stash/Co-Aligned Altar) an altar to Set, a fountain Level 6 many fountains Level 7 (Sokoban) stairs to Sokoban Level 8 Level 9 (ALtar) an altar to Set Level 10 (Temple to Set) a temple to Set Level 11 a fountain, a sink Level 12 portal to The Quest Level 13 Level 14 a fountain Level 15 <- You were here some fountains Level 16 a throne Level 17 a fountain Level 18 Level 19 a general store The Gnomish Mines: levels 3 to 11 Level 3 stairs to The Dungeons of Doom Level 4 Level 5 Level 6 many shops, a temple to Mitra, a magic chest, some fountains Level 7 Level 8 Level 9 Level 10 Level 11 a magic chest, some fountains The Quest: Level 1 portal to The Dungeons of Doom Sokoban: levels 3 to 6 Level 3 a magic chest Level 4 Level 5 Level 6 a magic chest stairs to The Dungeons of Doom History has recorded: On T:1 you entered the Dungeons of Doom to retrieve the Amulet of Yendor! On T:361 you reached level 2 of The Dungeons of Doom. On T:566 you reached level 3 of The Dungeons of Doom. On T:805 you advanced to experience level 2. On T:1001 you reached level 4 of The Dungeons of Doom. On T:1109 you advanced to experience level 3. On T:1111 you reached level 5 of The Dungeons of Doom. On T:1869 you advanced to experience level 4. On T:2388 you reached level 6 of The Dungeons of Doom. On T:2699 you advanced to experience level 5. On T:3448 you reached level 1 of The Gnomish Mines. On T:3654 you advanced to experience level 6. On T:4003 you reached level 2 of The Gnomish Mines. On T:4138 you reached level 3 of The Gnomish Mines. On T:4594 you advanced to experience level 7. On T:4758 you reached level 4 of The Gnomish Mines. On T:5047 you opened a magic chest. On T:5084 you entered the Minetown temple On T:7188 you advanced to experience level 8. On T:8942 you prayed to Set. On T:11554 you reached level 7 of The Dungeons of Doom. On T:11827 you reached level 4 of Sokoban. On T:12023 you reached level 8 of The Dungeons of Doom. On T:12163 you advanced to experience level 9. On T:12469 you reached level 9 of The Dungeons of Doom. On T:13042 you reached level 10 of The Dungeons of Doom. On T:13408 you prayed to Set. On T:13572 you reached level 11 of The Dungeons of Doom. On T:14205 you reached level 12 of The Dungeons of Doom. On T:14310 you reached level 1 of The Quest. On T:14964 you advanced to experience level 10. On T:15246 you reached level 13 of The Dungeons of Doom. On T:15557 you reached level 14 of The Dungeons of Doom. On T:15784 you reached level 15 of The Dungeons of Doom. On T:16089 you reached level 16 of The Dungeons of Doom. On T:16135 you reached level 19 of The Dungeons of Doom. On T:16139 you reached level 18 of The Dungeons of Doom. On T:16139 you entered the Rogue tribute level. On T:16499 you reached level 17 of The Dungeons of Doom. On T:17985 you prayed to Set. On T:18814 you received Cleaver from Set. On T:19394 you reached level 3 of Sokoban. On T:20272 you advanced to experience level 11. On T:20286 you reached level 2 of Sokoban. On T:21288 you reached level 1 of Sokoban. On T:22681 you entered the Sokoban zoo. On T:23750 you reached level 5 of The Gnomish Mines. On T:23810 you reached level 6 of The Gnomish Mines. On T:23880 you reached level 7 of The Gnomish Mines. On T:24077 you reached level 8 of The Gnomish Mines. On T:24402 you reached level 9 of The Gnomish Mines. On T:24402 you reached the bottom of the Mines. On T:34185 you prayed to Set. Score breakdown: Gold: 0 ( 0 points) Experience: 11 levels ( 1000 points) Exploration: 19 levels ( 540 points) Discoveries: 39 items ( 1950 points) Variety of kills: 174 monsters ( 2000 points) Major goal: Sokoban/Mines ( 1500 points) Survival: died (score multiplied by 3) Total score: 20970 Latest messages: The yeti claws you! (2x) The yeti bites! You smite the yeti! The yeti claws you! (2x) The yeti bites! You smite the yeti! The yeti claws you! (2x) The yeti bites! You smite the yeti! The yeti claws you! (2x) The yeti bites! The yeti claws you! (2x) The yeti bites! You stop. Your large cat is in the way! The yeti claws you! (2x) The yeti bites! You smite the yeti. The yeti claws you! (2x) The yeti bites! Yecch! This stuff tastes like poison. (But in fact it was mildly stale melon juice.) The yeti claws you! (2x) The yeti bites! You die... Final status: Goodbye Rayston the Barbarian, killed by a yeti... You died in The Dungeons of Doom on dungeon level 15 with 20970 points, and 0 pieces of gold, after 34267 moves. You were level 11 with a maximum of 107 hit points when you died.